 Dungeon Crawl Stone Soup version 0.17.2-1-ge4368a0 (webtiles) character file.

114 hurricos the Cudgeler (level 4, -4/48 HPs)
             Began as an Ogre Warper on July 2, 2018.
             Was an Initiate of Okawaru.
             Killed from afar by a white imp (7 damage)
             ... with a puff of frost
             ... summoned by Natasha
             ... on level 3 of the Dungeon.
             The game lasted 00:08:27 (2556 turns).

hurricos the Cudgeler (Ogre Warper)                 Turns: 2556, Time: 00:08:28

Health: -4/48      AC:  3    Str: 16    XL:     4   Next: 97%
Magic:  3/6        EV: 10    Int: 13    God:    Okawaru [......]
Gold:   98         SH:  0    Dex:  9    Spells: 3 memorised, 2 levels left

rFire  . . .     SeeInvis .     a - +0 mace
rCold  . . .     Clarity  .     b - +0 robe
rNeg   . . .     SustAt   .     (no shield)
rPois  .         Gourm    .     (helmet restricted)
rElec  .         Spirit   .     (no cloak)
rCorr  .         Warding  .     (gloves unavailable)
rMut   .         Stasis   .     (boots unavailable)
MR     +....                    (no amulet)
Stlth  +.........               (no ring)
                                (no ring)

@: lethally poisoned (-4 -> -10), very slightly contaminated, somewhat resistant
to hostile enchantments, very unstealthy
A: unfitting armour, low mp 1, magic resistance 1, tough skin 1
a: Renounce Religion


You were on level 3 of the Dungeon.
You worshipped Okawaru.
Okawaru was noncommittal.
You were not hungry.

You visited 1 branch of the dungeon, and saw 3 of its levels.

You collected 98 gold pieces.

Inventory:

Hand Weapons
 a - a +0 mace (weapon)
Missiles
 h - 31 stones (quivered)
Armour
 b - a +0 robe (worn)
Scrolls
 d - a scroll of blinking
 e - 4 scrolls of remove curse {unknown}
 f - a scroll of fear {unknown}
 i - 3 scrolls of identify
Books
 c - a book of Spatial Translocations

   Spells                             Type                      Level
   a - Apportation                    Translocation                1
   b - Blink                          Translocation                2
   c - Shroud of Golubria             Charms/Translocation         2
   d - Portal Projectile              Translocation                3
   e - Teleport Other                 Translocation                3
   f - Passage of Golubria            Translocation                4
Comestibles
 g - a bread ration


   Skills:
 + Level 4.0 Fighting
 * Level 4.1 Maces & Flails
 * Level 2.4 Throwing
 + Level 1.2 Armour
 - Level 2.1 Dodging
 - Level 2.4 Spellcasting
 - Level 2.1 Translocations


You had 2 spell levels left.
You knew the following spells:

 Your Spells              Type           Power        Failure   Level  Hunger
a - Apportation           Tloc           #.........   12%         1    #......
b - Blink                 Tloc           N/A          17%         2    ###....
c - Shroud of Golubria    Chrm/Tloc      #.........   24%         2    ###....


Dungeon Overview and Level Annotations

Branches:
Dungeon (3/15)

Altars:
Elyvilon
Okawaru

Annotations:
D:2 Sigmund
D:3 Natasha


Innate Abilities, Weirdness & Mutations

You are too large for most types of armour.
You have tough skin (AC +1).
Your magical capacity is low (-10% MP).
You are resistant to hostile enchantments.


Message History

You are poisoned.
The adder poisons you! The white imp hits you. The white imp freezes you.
Natasha stares at you and mumbles some strange words.
The magic dart hits you!
* * * LOW HITPOINT WARNING * * *
Unknown command.
You closely miss Natasha.
Natasha is almost dead.
You feel sick. The adder bites you.
* * * LOW HITPOINT WARNING * * *
You are more poisoned.
The adder poisons you! The white imp hits you.
* * * LOW HITPOINT WARNING * * *
The white imp freezes you.
* * * LOW HITPOINT WARNING * * *
The white imp hits you but does no damage.
Natasha barely misses you. The adder misses you. The white imp gestures at you.
The puff of frost hits you!
You die...

. .. ###### ...
##.....## ....
#.......## >....
.........##.....(
.......<.@h...(..
........S55######
............#
.........(....#
............###
........#####
##.....## ##....


You could see Natasha, an adder and 2 white imps.

Vanquished Creatures
  Robin (D:2)
  4 adders (D:2)
  An ooze (D:1)
  A worm (D:2)
  A giant gecko (D:1)
  An orc (D:2)
  3 giant cockroaches
  9 hobgoblins
  3 jackals (D:2)
  A ball python (D:2)
  6 bats
  5 giant newts
  14 goblins
  5 kobolds
  4 rats
59 creatures vanquished.

Notes
Turn   | Place    | Note
--------------------------------------------------------------
     0 | D:1      | hurricos the Ogre Warper began the quest for the Orb.
     0 | D:1      | Reached XP level 1. HP: 22/22 MP: 3/3
    59 | D:1      | Reached skill level 3 in Maces & Flails
   106 | D:1      | Found an iron altar of Okawaru.
   114 | D:1      | Became a worshipper of Warmaster Okawaru
   174 | D:1      | Reached XP level 2. HP: 4/31 MP: 5/5
   482 | D:1      | Learned a level 2 spell: Blink
   485 | D:1      | Learned a level 2 spell: Shroud of Golubria
   729 | D:1      | Reached XP level 3. HP: 22/37 MP: 6/6
  1192 | D:2      | Gained mutation: You are resistant to hostile enchantments. [potion of mutation]
  1192 | D:2      | Gained mutation: Your magical capacity is low (-10% MP). [potion of mutation]
  1429 | D:2      | Reached XP level 4. HP: 32/48 MP: 6/6
  1458 | D:2      | Found a white marble altar of Elyvilon.
  1499 | D:2      | Reached skill level 1 in Armour
  1718 | D:2      | Noticed Robin
  1736 | D:2      | Killed Robin
  1736 | D:2      | Reached skill level 4 in Maces & Flails
  1989 | D:2      | Noticed Sigmund
  2388 | D:3      | Noticed Natasha
  2556 | D:3      | Killed from afar by a white imp

Action                   |  1- 3 |  4- 6 || total
-------------------------+-------+-------++-------
Melee: Mace              |   121 |   122 ||   243
Throw: Tomahawk          |     5 |       ||     5
       Stone             |     7 |       ||     7
 Cast: Shroud of Golubri |     5 |     7 ||    12
       Blink             |       |     1 ||     1
  Use: Potion            |     4 |       ||     4
       Scroll            |     3 |     1 ||     4
  Eat: Bread ration      |     1 |       ||     1
       Chunk             |       |     2 ||     2
       Pizza             |       |     1 ||     1
